 Dungeon Crawl Stone Soup version 0.23-a0-417-gf02c810438 (console) character file.

32 Gottschkopf the Gusty (level 3, 0/19 HPs)
             Began as a Deep Elf Air Elementalist on Nov 11, 2018.
             Slain by a goblin (3 damage)
             ... led by Robin
             ... on level 1 of the Dungeon.
             The game lasted 00:03:13 (1187 turns).

Gottschkopf the Gusty (Deep Elf Air Elementalist)   Turns: 1187, Time: 00:03:13

Health: 0/19       AC:  2    Str:  5    XL:     3   Next: 8%
Magic:  6/9        EV: 13    Int: 20    God:
Gold:   26         SH:  0    Dex: 15    Spells: 2/8 levels left

rFire    . . .     SeeInvis .   h - +1 dagger (protect)
rCold    . . .     Gourm    .   (no shield)
rNeg     . . .     Faith    .   a - +0 robe
rPois    .         Spirit   .   (no helmet)
rElec    .         Reflect  .   (no cloak)
rCorr    .         Harm     .   (no gloves)
MR       .....                  (no boots)
Stlth    ++........             e - amulet of rage
HPRegen  0.06/turn              (no ring)
MPRegen  0.11/turn              (no ring)

@: very slightly contaminated
A: no striking features
a: Evoke Berserk Rage


You were on level 1 of the Dungeon.
You were not hungry.

You visited 1 branch of the dungeon, and saw 2 of its levels.

You collected 26 gold pieces.

Inventory:

Hand Weapons
 h - a +1 dagger of protection (weapon)
Armour
 a - a +0 robe (worn)
Jewellery
 e - an amulet of rage (around neck)
Scrolls
 d - a scroll of fog {unknown}
 g - a scroll of remove curse {unknown}
Potions
 b - 3 potions of lignification {unknown}
 f - a potion of resistance {unknown}
Comestibles
 c - 2 rations
 i - 2 chunks of flesh


   Skills:
 - Level 2.4 Dodging
 - Level 2.4 Stealth
 - Level 3.0 Spellcasting
 + Level 2.5 Conjurations
 + Level 3.6 Air Magic


You had 2 spell levels left.
You knew the following spells:

 Your Spells              Type           Power        Failure   Level  Hunger
a - Shock                 Conj/Air       ###.         4%          1    None
b - Swiftness             Chrm/Air       ##......     10%         2    ##.....
c - Static Discharge      Conj/Air       ###.....     12%         3    ###....

Your spell library contained the following spells:

 Spells                   Type           Power        Failure   Level  Hunger
 Airstrike                Air            ###.......   30%         4    ####...
 Lightning Bolt           Conj/Air       ###.......   73%         5    ######.


Dungeon Overview and Level Annotations

Branches:
Dungeon (2/15)

Altars:

Annotations:
D:1 Robin


Message History

The hobgoblin shouts!
The goblin shouts! x3; The hobgoblin shouts! x2
The goblin shouts!
Found a ration.
There is a stone staircase leading up here.
The goblin hits you with a +0 dagger. The hobgoblin barely misses you.
The goblin hits you.
Robin roars a battlecry!
The goblins go into a battle-frenzy!
The goblin hits you.
You climb upwards.
There is a stone staircase leading down here.
Casting: Shock (safe; 4% risk of failure)
Confirm with . or Enter, or press ? or * to list all spells.
You miscast Static Discharge.
You are very lightly contaminated with residual magic.
There is a short, sharp shower of sparks.
The goblin closely misses you. The hobgoblin hits you.
* * * LOW HITPOINT WARNING * * *
The goblin hits you.
You die...

#.#....######...##
#.#....# ######
#.#....# #
#.####### ##### #
#.# #...# #...# #
#.# #...# #...#
#.###...# #...#
#gg.....####...###
#@gg....'..'...'..
##g.....####...###
#......# #...# #
#......# #...# #
#......# #####
#...#### ########
#...# #.......
##### #.......
#.......


You could see Robin, a hobgoblin and 3 goblins.

Vanquished Creatures
  A dart slug (D:1)
  2 giant cockroaches (D:1)
  A goblin (D:1)
  4 hobgoblins (D:1)
  8 kobolds (D:1)
  6 bats (D:1)
  4 frilled lizards (D:1)
  5 rats (D:1)
31 creatures vanquished.

Notes
Turn   | Place    | Note
-------+----------+-------------------------------------------
     0 | D:1      | Gottschkopf the Deep Elf Air Elementalist began the quest
                  | for the Orb.
     0 | D:1      | Reached XP level 1. HP: 10/10 MP: 6/6
   308 | D:1      | Reached XP level 2. HP: 15/15 MP: 4/8
   315 | D:1      | Learned a level 2 spell: Swiftness
  1004 | D:1      | Reached XP level 3. HP: 19/19 MP: 5/9
  1012 | D:1      | Learned a level 3 spell: Static Discharge
  1184 | D:2      | Noticed Robin
  1187 | D:1      | Slain by a goblin

Vault maps used:
D:1:      tarquinn_simple_flora_water_f, minivault_4, interstate_on_off
D:2:      grunt_temple_overflow_magic_moments, uniq_robin

Skill      XL: |  1  2 |
---------------+-------+-----
Conjurations   | 2 |  2.5
Dodging        | |  2.4
Stealth        | |  2.4
Spellcasting   | |  3.0
Air Magic      | |  3.6

Action                   || total
-------------------------++-------
Melee: Unarmed           ||    11
       Dagger            ||     7
 Cast: Shock             ||    59
  Eat: Chunk             ||     1
Armor: Robe              ||     5
Dodge: Dodged            ||    21

Table legend:
 A = Non-vault XP
 B = Vault XP
 C = Vault XP percentage of total XP
 D = Non-vault monster count
 E = Vault monster count
 F = Vault count percentage of total count
                 A         B        C        D         E       F
            +---------+---------+-------+---------+---------+-------
      Total |      46 |       0 |   0.0 |      31 |       0 |   0.0
            +---------+---------+-------+---------+---------+-------
        D:1 |      46 |       0 |   0.0 |      31 |       0 |   0.0
            +---------+---------+-------+---------+---------+-------
